 Dungeon Crawl Stone Soup version 0.29.0-15-g675c0067aa (webtiles) character file.

Game seed: 331128149302358573

3674 LabCoat the Cleaver (level 10, -1/86 HPs)
             Began as a Hill Orc Fighter on Sept 11, 2022.
             Was a Follower of Trog.
             Slain by Erica
             ... wielding a +1 scimitar of flaming
              (11 damage)
             ... on level 8 of the Dungeon.
             The game lasted 00:21:15 (6311 turns).

LabCoat the Cleaver (Hill Orc Fighter)              Turns: 6311, Time: 00:21:16

Health: -1/86      AC: 15    Str: 24    XL:     10   Next: 13%
Magic:  10/10      EV: 10    Int:  8    God:    Trog [*.....]
Gold:   571        SH:  5    Dex: 10    Spells: 9/9 levels left

rFire   . . .      SeeInvis .   a - +0 war axe
rCold   x . .      Faith    .   c - +0 buckler
rNeg    . . .      Spirit   .   y - +7 ring mail of the Curious Beasts {Fly rC- Regen+ Stlth+}
rPois   .          Reflect  .   b - +1 helmet
rElec   .          Harm     .   (no cloak)
rCorr   .          Rampage  .   (no gloves)
Will    .....                   (no boots)
Stlth   +.........              (no amulet)
HPRegen 1.04/turn               (no ring)
MPRegen 0.12/turn               (no ring)

@: mighty, on berserk cooldown, flying, slowed, invisible, very slow
A: no striking features
a: Renounce Religion, Berserk


You were on level 8 of the Dungeon.
You worshipped Trog.
Trog was aware of your devotion.
You visited 2 branches of the dungeon, and saw 9 of its levels.

You collected 571 gold pieces.

Inventory:

Hand Weapons
 a - a +0 war axe (weapon)
 s - a +0 flail
Missiles
 v - 22 poisoned darts
 D - a javelin
Armour
 b - a +1 helmet (worn)
 c - a +0 buckler (worn)
 p - a +0 plate armour
 y - the +7 ring mail of the Curious Beasts (worn) {Fly rC- Regen+ Stlth+}
   (You found it on level 6 of the Dungeon)

   rC:        It makes you vulnerable to cold.
   Fly:       It grants you flight.
   Regen:     It increases your rate of health regeneration.
   Stlth:     It makes you more stealthy.
Jewellery
 k - a ring of ice
 m - a ring of fire
Wands
 e - a wand of roots (11)
 h - a wand of flame (17)
 x - a wand of mindburst (17) (quivered)
Scrolls
 f - 2 scrolls of poison
 i - 2 scrolls of amnesia
 o - 3 scrolls of teleportation
 u - a scroll of enchant weapon {unknown}
 z - a scroll of enchant armour
Potions
 d - 2 potions of brilliance
 g - a potion of ambrosia {unknown}
 j - 3 potions of magic
 t - a potion of mutation {unknown}
 w - a potion of attraction {unknown}
 A - a potion of berserk rage {unknown}
 B - 2 potions of lignification


   Skills:
 + Level 7.5 Fighting
 * Level 10.3 Axes
 + Level 4.7 Throwing
 + Level 6.6 Armour
 + Level 6.8 Shields
 + Level 5.0 Evocations


You had 9 spell levels left.
You didn't know any spells.
Your spell library contained the following spells:

 Spells                   Type           Power      Damage    Failure   Level
 Magic Dart               Conj           0%         1d3       63%         1
 Slow                     Hex            0%         N/A       63%         1
 Searing Ray              Conj           0%         2d4       77%         2
 Sublimation of Blood     Necr           0%         N/A       77%         2
 Confusing Touch          Hex            0%         N/A       94%         3
 Dazzling Flash           Conj/Hex       0%         N/A       94%         3
 Gell's Gravitas          Tloc           0%         N/A       94%         3
 Teleport Other           Tloc           0%         N/A       94%         3
 Vampiric Draining        Necr           0%         2d6       94%         3
 Animate Armour           Summ/Erth      0%         N/A       100%        4
 Fulminant Prism          Conj/Hex       0%         3d6       100%        4
 Iskenderun's Mystic Bla  Conj/Tloc      0%         2d3       100%        4
 Petrify                  Tmut/Erth      0%         N/A       100%        4
 Irradiate                Conj/Tmut      0%         3d11      100%        5
 Metabolic Englaciation   Hex/Ice        0%         N/A       100%        5
 Dispersal                Tloc           0%         N/A       100%        6
 Starburst                Conj/Fire      0%         6d3       100%        6
 Ozocubu's Refrigeration  Ice            0%         4d7       100%        7


Dungeon Overview and Level Annotations

Branches:
Dungeon (8/15)             Temple (1/1) D:6
   Lair: D:8-11

Altars:
Ashenzari
Dithmenos
Elyvilon
Fedhas
Gozag
Hepliaklqana
Kikubaaqudgha
Makhleb
Nemelex Xobeh
Okawaru
Qazlal
Ru
Sif Muna
Trog
Uskayaw
Vehumet
Wu Jian
Yredelemnul
Zin
The Shining One

Annotations:
D:6 1 runed translucent door, DoubleLucky's ghost, novice DrFE
D:8 Erica


Message History

* * * LOW HITPOINT WARNING * * *
You feel your anger nearly subside.
You feel less confused.
You are no longer berserk.
You are exhausted.
You feel as though you will be slow longer.
Something hits you.
* * * LOW HITPOINT WARNING * * *
Something burns you.
* * * LOW HITPOINT WARNING * * *
You fade into invisibility!
Something hits you.
* * * LOW HITPOINT WARNING * * *
Something burns you.
* * * LOW HITPOINT WARNING * * *
You hear a zap.
Your will is overpowered!
You are confused.
The now-empty wand crumbles to dust.
You're too confused to move!
You're too confused to move!
You feel less confused.
You feel very mighty all of a sudden.
Erica appears from thin air!
Reactivating autopickup.
Erica hits you with a +1 scimitar of flaming!
* * * LOW HITPOINT WARNING * * *
Erica burns you.
* * * LOW HITPOINT WARNING * * *
You closely miss Erica.
Erica is heavily wounded.
You block Erica's attack.
You closely miss Erica.
Erica is heavily wounded.
Erica hits you but does no damage. x2
You barely miss Erica.
Erica is heavily wounded.
Erica gestures wildly while chanting.
Erica flickers and vanishes!
Deactivating autopickup; reactivate with Ctrl-A.
You barely miss something. Something hits you!
You die...

.....
############.#
.....
#............#
.....
#............#
.....
#............#
..#..
#............#
#.###
#............#
..
#.............
## #.....@.....#
####.....{.....#
...............+
#.............#
##......#####.##
........# .#
##......#### #
#......'..#
#......##.#####


There were no monsters in sight!

Vanquished Creatures
  A boulder beetle (D:8)
  Pikel (D:8)
  Duvessa (D:4)
  A sky beast (D:7)
  An orc warrior (D:4)
  An ice beast (D:6)
  3 black bears
  2 ogres (D:4)
  2 centaurs
  4 lemures (D:8)
  2 phantoms (D:7)
  2 bullfrogs
  2 kobold brigands
  3 necrophages
  A gnoll sergeant (D:8)
  A scorpion (D:5)
  4 wights (D:5)
  Dowan (D:4)
  2 jellies
  An orc priest (D:4)
  5 hounds
  An iguana (D:5)
  7 orc wizards
  4 gnolls (D:8)
  9 adders
  3 white imps (D:6)
  3 worms
  3 dart slugs
  24 orcs
  6 ball pythons
  6 bats
  10 endoplasms
  3 giant cockroaches (D:1)
  3 hobgoblins
  4 jackals (D:3)
  3 quokkas
  4 frilled lizards
  6 goblins
  12 kobolds
  3 rats
155 creatures vanquished.

Vanquished Creatures (others)
  4 plants (D:3)
4 creatures vanquished.

Grand Total: 159 creatures vanquished

Notes
Turn   | Place    | Note
-------+----------+-------------------------------------------
     0 | D:1      | LabCoat the Hill Orc Fighter began the quest for the Orb.
     0 | D:1      | Reached XP level 1. HP: 19/19 MP: 1/1
    31 | D:1      | Reached skill level 3 in Axes
    81 | D:1      | Reached XP level 2. HP: 21/27 MP: 2/2
   464 | D:1      | Found a faded altar of an unknown god.
   719 | D:2      | Reached XP level 3. HP: 23/33 MP: 3/3
   931 | D:2      | Identified the +1 falchion of the Ancient Xalams {venom,
                  | Int+4}
  1523 | D:3      | Reached skill level 1 in Throwing
  1528 | D:3      | Reached XP level 4. HP: 31/40 MP: 4/4
  1675 | D:3      | Reached skill level 4 in Axes
  2388 | D:4      | Noticed an orc warrior
  2405 | D:4      | Killed an orc warrior
  2406 | D:4      | Reached skill level 1 in Evocations
  2406 | D:4      | Reached XP level 5. HP: 36/47 MP: 5/5
  2563 | D:4      | Reached XP level 6. HP: 53/53 MP: 6/6
  2570 | D:4      | Reached skill level 5 in Axes
  2674 | D:4      | Found a burning altar of Makhleb.
  2739 | D:4      | Noticed Dowan
  2743 | D:4      | Noticed Duvessa
  2746 | D:4      | Killed Dowan
  2756 | D:4      | HP: 1/55 [Duvessa/+0 short sword (11)]
  2758 | D:4      | Killed Duvessa
  3354 | D:4      | Reached skill level 5 in Fighting
  3354 | D:4      | Reached XP level 7. HP: 60/61 MP: 7/7
  3372 | D:4      | Reached skill level 6 in Axes
  3634 | D:5      | Entered Level 5 of the Dungeon
  3739 | D:5      | Found an opulent altar of Gozag.
  4009 | D:5      | Found a bloodstained altar of Trog.
  4018 | D:5      | Became a worshipper of Trog the Wrathful
  4205 | D:5      | Reached XP level 8. HP: 69/69 MP: 8/8
  4218 | D:5      | Reached skill level 7 in Axes
  4218 | D:5      | Reached skill level 5 in Shields
  4233 | D:5      | Reached skill level 5 in Armour
  4439 | D:5      | Found a hazy altar of Hepliaklqana.
  4442 | D:5      | Found a shadowy altar of Dithmenos.
  4442 | D:5      | Found a stormy altar of Qazlal.
  4910 | D:6      | Identified the +7 ring mail of the Curious Beasts {Fly rC-
                  | Regen+ Stlth+}
  4965 | D:6      | Found a staircase to the Ecumenical Temple.
  4976 | Temple   | Entered the Ecumenical Temple
  5156 | D:6      | Found a hide-covered altar of Uskayaw.
  5176 | D:6      | Reached skill level 8 in Axes
  5324 | D:6      | Found a runed translucent door.
  5325 | D:6      | Noticed DoubleLucky's ghost (novice DrFE)
  5346 | D:6      | Reached * piety under Trog
  5493 | D:7      | Reached XP level 9. HP: 69/78 MP: 9/9
  5798 | D:7      | Reached skill level 9 in Axes
  5960 | D:7      | Found a broken altar of Ashenzari.
  5969 | D:7      | Found an iron altar of Okawaru.
  6046 | D:8      | Noticed Pikel
  6082 | D:8      | Killed Pikel
  6156 | D:8      | Got the Parchment of Snow and Bedrock
  6216 | D:8      | Noticed a boulder beetle
  6231 | D:8      | Killed a boulder beetle
  6232 | D:8      | Reached skill level 10 in Axes
  6232 | D:8      | Reached skill level 5 in Evocations
  6232 | D:8      | Reached XP level 10. HP: 86/86 MP: 10/10
  6274 | D:8      | Noticed Erica
  6282 | D:8      | Reached ** piety under Trog
  6307 | D:8      | HP: 3/86 [Erica/+1 scimitar of flaming (4)]
  6311 | D:8      | Slain by Erica

Illustrated notes

Levels and vault maps discovered:
D:1:      minmay_arrival_wavy_path, layout_rooms, ebering_ecumenical_altar_webs
D:2:      layout_rooms
D:3:      layout_loops_ring, serial_bayou_lake_a
D:4:      layout_gridville, mainiacjoe_overflow_paths, grunt_tough_drop,
          uniq_duvessa
D:5:      nicolae_BIG_FREAKIN_CUBE, layout_basic, trog_butcher_becter,
          grunt_temple_overflow_open, kennysheep_flooded_box, minmay_between
D:6:      layout_rooms, nicolae_uskayaw_murder_on_the_dancefloor,
          minmay_temple_entry_hall, gammafunk_ghost_grave
D:7:      layout_cave_pools, mainiacjoe_overflow_swirl
D:8:      layout_basic, lair_entry_dummy, small_chamber_with_monster,
          uniq_pikel, uniq_erica
Temple:   jpeg_temple_clearing

Skill      XL: |  1  2  3  4  5  6  7  8  9 |
---------------+----------------------------+-----
Axes           | 3 4 5 6 8 10 | 10.3
Fighting       | 4 5 6 7 |  7.5
Throwing       | 1 2 3 4 |  4.7
Armour         | 4 5 6 |  6.6
Shields        | 4 5 6 |  6.8
Evocations     | 1 2 3 5 |  5.0

Action                   |  1- 3 |  4- 6 |  7- 9 | 10-12 || total
-------------------------+-------+-------+-------+-------++-------
Melee: War axe           |    75 |    84 |   310 |    20 ||   489
Throw: Dart              |    14 |     6 |    10 |       ||    30
       Javelin           |     5 |     1 |     3 |       ||     9
Invok: Berserk           |       |       |       |     1 ||     1
Evoke: Wand              |       |    23 |    16 |       ||    39
  Use: Scroll            |     8 |     3 |     5 |       ||    16
       Potion            |       |     5 |     3 |     3 ||    11
Armor: Scale mail        |    36 |    40 |       |       ||    76
       Plate armour      |       |    13 |    88 |       ||   101
       Ring mail         |       |       |   112 |    10 ||   122
Dodge: Dodged            |    47 |    35 |   111 |     5 ||   198
Block: Buckler           |    18 |    23 |    85 |     3 ||   129
